 Dungeon Crawl Stone Soup version 0.20.1-1-g8b1a95d66d (webtiles) character file.

37 Hvezdomuz the Skirmisher (level 3, -5/40 HPs)
             Began as an Ogre Fighter on Dec 4, 2017.
             Slain by dengdeng's ghost (16 damage)
             ... on level 3 of the Dungeon.
             The game lasted 00:04:05 (1839 turns).

Hvezdomuz the Skirmisher (Ogre Fighter)             Turns: 1839, Time: 00:04:06

Health: -5/40      AC:  3    Str: 26    XL:     3   Next: 41%
Magic:  3/3        EV:  8    Int:  9    God:
Gold:   151        SH:  9    Dex:  8    Spells: 2/2 levels left

rFire    . . .     SeeInvis .     - Unarmed
rCold    . . .     Gourm    .   b - +0 shield
rNeg     . . .     Faith    .   a - +0 robe
rPois    .         Spirit   .   (helmet restricted)
rElec    .         Reflect  .   (no cloak)
rCorr    .         Harm     .   (gloves unavailable)
MR       .....                  (boots unavailable)
Stlth    +.........             (no amulet)
Regen    0.2/turn               (no ring)
MPRegen  0.1/turn               (no ring)

@: mighty
A: unfitting armour, tough skin 1
a: no special abilities


You were on level 3 of the Dungeon.
You were not hungry.

You visited 1 branch of the dungeon, and saw 3 of its levels.

You collected 151 gold pieces.

Inventory:

Armour
 a - a +0 robe (worn)
 b - a +0 shield (worn)
Jewellery
 f - a +3 ring of protection {unknown}
 l - a +2 ring of protection {unknown}
Scrolls
 e - a scroll of noise {unknown}
 k - 2 scrolls of teleportation {unknown}
 n - a scroll of immolation {unknown}
 o - a scroll of identify {unknown}
 r - a scroll of remove curse {unknown}
Potions
 h - a potion of cancellation {unknown}
 i - a potion of berserk rage {unknown}
 j - a potion of degeneration {unknown}
 m - a potion of mutation {unknown}
 p - 2 potions of curing {unknown}
Comestibles
 d - 2 bread rations
 g - a meat ration
 q - a royal jelly


   Skills:
 + Level 4.4 Fighting
 + Level 2.9 Dodging
 + Level 3.3 Shields
 + Level 2.1 Unarmed Combat


You had 2 spell levels left.
You didn't know any spells.

Dungeon Overview and Level Annotations

Branches:
Dungeon (3/15)

Altars:
Zin

Annotations:
D:3 dengdeng's ghost, amateur TrBe


Innate Abilities, Weirdness & Mutations

You are too large for most types of armour.
You have tough skin. (AC +1)


Message History

You barely miss dengdeng's ghost. Dengdeng's ghost hits you.
You barely miss dengdeng's ghost. Dengdeng's ghost hits you!!
You closely miss dengdeng's ghost. Dengdeng's ghost barely misses you.
You feel very mighty all of a sudden.
Dengdeng's ghost hits you but does no damage.
You hit dengdeng's ghost.
Dengdeng's ghost is lightly damaged.
Dengdeng's ghost hits you!
* * * LOW HITPOINT WARNING * * *
You hit dengdeng's ghost.
Dengdeng's ghost is lightly damaged.
You block dengdeng's ghost's attack.
You hit dengdeng's ghost.
Dengdeng's ghost is lightly damaged.
Dengdeng's ghost hits you.
* * * LOW HITPOINT WARNING * * *
Your shield prevents you from hitting dengdeng's ghost.
Dengdeng's ghost is lightly damaged.
Dengdeng's ghost hits you!
You die...

...# .....##.....#
......##.....#
#.....##.....# #
#.....##.....#
#######.....##.....#
............##.....#####
............##..........
............##..@W......
........................
.................#......
#..#+##..........#######
#..#.##..........#
#..#.#############
#..#.# #..#.# #..#.#


You could see dengdeng's ghost.

Vanquished Creatures
  2 dart slugs (D:1)
  A ball python (D:1)
  A giant cockroach (D:1)
  3 goblins
  A hobgoblin (D:2)
  4 jackals (D:1)
  7 kobolds
  A bat (D:1)
  2 frilled lizards (D:2)
  10 rats (D:1)
32 creatures vanquished.

Notes
Turn   | Place    | Note
-------+----------+-------------------------------------------
     0 | D:1      | Hvezdomuz the Ogre Fighter began the quest for the Orb.
     0 | D:1      | Reached XP level 1. HP: 24/24 MP: 1/1
   130 | D:1      | Reached XP level 2. HP: 29/32 MP: 2/2
   680 | D:1      | Reached XP level 3. HP: 18/40 MP: 3/3
  1213 | D:2      | Found a glowing silver altar of Zin.
  1829 | D:3      | Noticed dengdeng's ghost (amateur TrBe)
  1839 | D:3      | Slain by dengdeng's ghost

Skill      XL: |  1  2 |
---------------+-------+-----
Shields        | 3 |  3.3
Unarmed Combat | 2 |  2.1
Fighting       | |  4.4
Dodging        | |  2.9

Action                   || total
-------------------------++-------
Melee: Unarmed           ||   151
  Use: Potion            ||     1
 Stab: Sleeping          ||     1
  Eat: Meat ration       ||     1
Armor: Robe              ||    28
Dodge: Dodged            ||    43
Block: Shield            ||    56
